 Dungeon Crawl Stone Soup version 0.30-a0-571-gdf30a72648 (webtiles) character file.

Game seed: 676002449626884420

4491 oldmanjim the Thaumaturge (level 10, -2/73 HPs)
             Began as a Djinni Earth Elementalist on Dec 28, 2022.
             Slain by a gnoll
             ... wielding a +0 flail
             ... led by a gnoll sergeant
              (5 damage)
             ... on level 9 of the Dungeon on Dec 29, 2022.
             The game lasted 00:58:56 (7884 turns).

oldmanjim the Thaumaturge (DjEE)                    Turns: 7884, Time: 00:58:56

Health: -2/73      AC:  7    Str:  7    XL:     10   Next: 65%
Gold:   294        EV: 14    Int: 21    God:
                   SH:  5    Dex: 14

rFire   + . .      SeeInvis .    a - +2 dagger (venom)
rCold   . . .      Faith    .    (no shield)
rNeg    . . .      Spirit   .    f - +0 leather armour {Will+}
rPois   ∞          Reflect  +    E - +0 helmet
rElec   .          Harm     .    g - +0 cloak
rCorr   .          Rampage  .    p - +0 pair of gloves
Will    +++..                    (boots unavailable)
Stlth   ++                       v - amulet of reflection
HPRegen 0.32/turn                H - ring of willpower
MPRegen 0.00/turn                q - ring of ice

@: flying
A: sickness immunity, fire resistance 2, cold vulnerability 1, float, innate
caster, HP casting, extra vitality 1
a: no special abilities


You were on level 9 of the Dungeon.
You visited 2 branches of the dungeon, and saw 9 of its levels.
You also visited: Sewer.

You collected 294 gold pieces.

Inventory:

Hand Weapons
 a - a +2 dagger of venom (weapon)
 D - a +0 dagger
Missiles
 c - 3 javelins
 e - 66 stones
 t - a curare-tipped dart
 u - 18 poisoned darts
 z - 3 boomerangs
Armour
 f - a +0 leather armour of willpower (worn)
 g - a +0 cloak (worn)
 p - a +0 pair of gloves (worn)
 E - a +0 helmet (worn)
 I - the +1 robe of the Tundras {Drain +Blink Will+}
   (You found it on level 7 of the Dungeon)

   +Blink:    It lets you blink.
   Drain:     It drains your maximum health when unequipped.
   Will:      It increases your willpower.
Magical Staves
 n - a staff of earth
Jewellery
 i - a ring of fire
 m - a ring of protection from cold
 q - a ring of ice (right hand)
 v - an amulet of reflection (around neck)
 H - a ring of willpower (left hand)
Wands
 x - a wand of roots (23)
 G - a wand of paralysis (8)
Scrolls
 h - 3 scrolls of enchant weapon
 j - 3 scrolls of teleportation
 l - a scroll of enchant armour
 s - a scroll of fear {unknown}
 w - a scroll of poison {unknown}
 y - a scroll of blinking {unknown}
 A - a scroll of vulnerability {unknown}
 F - 2 scrolls of summoning {unknown}
Potions
 b - 4 potions of heal wounds {unknown}
 d - a potion of degeneration {unknown}
 k - 2 potions of cancellation {unknown}
 o - a potion of curing
 r - 3 potions of haste
 B - a potion of flight {unknown}
 C - a potion of resistance {unknown}


   Skills:
 + Level 6.6 Fighting
 + Level 4.9 Armour
 + Level 7.7 Dodging
 - Level 1.5 Stealth
 + Level 8.3 Spellcasting


You had 6 spell levels left.
You knew the following spells:

 Your Spells              Type           Power      Damage    Failure   Level
a - Sandblast             Erth           86%        2d18      1%          1
b - Passwall              Tmut/Erth      35%        N/A       1%          2
c - Stone Arrow           Conj/Erth      86%        3d12      1%          3
d - Petrify               Tmut/Erth      43%        N/A       3%          4
e - Magic Dart            Conj           100%       1d8       1%          1
f - Blink                 Tloc           86%        N/A       1%          2
g - Call Imp              Summ           43%        N/A       1%          2
h - Flame Wave            Conj/Fire      43%        2d11      3%          4
Your spell library was empty.

Dungeon Overview and Level Annotations

Branches:
Dungeon (7/15)             Temple (1/1) D:6           Sewer (visited)

Altars:
Ashenzari
Elyvilon
Gozag
Nemelex Xobeh
Okawaru
Ru
Uskayaw
Xom
Zin

Shops:
D:4 [

Annotations:
D:5 2 runed translucent doors, exclusion: 2 doors, drugrobin's ghost, weakling DgDe


Innate Abilities, Weirdness & Mutations

You are immune to sickness and miasma.
You are immune to poison.
Your flesh is very heat resistant. (rF++)
You are vulnerable to cold. (rC-)
You float through the air rather than walking.
You learn spells naturally, not from books.
Your magical power is your life essence.
You have superior vitality. (+4 MHP)


Message History

Press: ? - help, Shift-Dir - straight line, f/p - orange demon
Aim: an orange demon (heavily wounded, petrifying slowly, 100% to hit)
You feel a surge of power!
The stone arrow hits the orange demon!!
The orange demon is severely wounded.
* * * LOW HITPOINT WARNING * * *
The orange demon stings you from afar!
* * * LOW HITPOINT WARNING * * *
The orange demon stops moving altogether!
Things that are here:
a +0 demon whip of venom; a fuming yellow potion Your +2 dagger of venom begins to drip with poison!
a - a +2 dagger of venom (weapon)
The helpless orange demon fails to defend itself.
You puncture the orange demon!
The orange demon is almost dead.
The helpless orange demon fails to defend itself.
You hit the orange demon.
The orange demon is poisoned.
The orange demon is almost dead.
The helpless orange demon fails to defend itself.
You hit the orange demon.
The orange demon is almost dead.
The helpless orange demon fails to defend itself.
You hit the orange demon.
The orange demon looks as sick as possible!
The orange demon is almost dead.
The helpless orange demon fails to defend itself.
You hit the orange demon.
You kill the orange demon!
You hit the gnoll but do no damage.
The gnoll is poisoned.
You punch the gnoll.
The gnoll is lightly wounded.
You block the gnoll's attack.
You hit the gnoll.
The gnoll is moderately wounded.
You hit the gnoll.
The gnoll is poisoned.
The gnoll is moderately wounded.
The gnoll hits you with a +0 flail.
* * * LOW HITPOINT WARNING * * *
The gnoll barely misses you. The gnoll attacks as you move away!
The gnoll hits you with a +0 flail.
You die...

#... ...# #...
...# #.... ...#
#.... ...# #.....
...#
#...$.##...###.
.g.............
#####g############
#....g@.)........#
#................#
#................#
#................#
#....#############
######


You could see 2 gnolls.

Vanquished Creatures
  Amaemon (D:9)
  Pikel (D:4)
  An orange demon (D:9)
  Sigmund (D:6)
  A steam dragon (D:6)
  Menkaure (D:4)
  Duvessa (D:4)
  A water moccasin (D:6)
  An ice beast (D:7)
  A black bear (D:7)
  2 ogres (D:6)
  2 lemures
  A centaur (D:7)
  5 kobold brigands
  A necrophage (D:6)
  2 gnoll sergeants
  2 bullfrogs (D:7)
  5 scorpions
  9 wights
  Dowan (D:4)
  2 orc priests
  2 hounds
  Ijyb (D:4)
  6 iguanas
  An orc wizard (D:5)
  Robin (D:4)
  12 adders
  6 gnolls
  2 river rats
  2 shadow imps
  A white imp (D:5)
  3 ufetubi
  7 worms
  A dart slug (D:3)
  11 orcs
  11 endoplasms
  5 giant cockroaches
  13 goblins
  10 hobgoblins
  9 kobolds
  3 quokkas
  9 ball pythons
  4 bats
  7 frilled lizards
  10 rats
179 creatures vanquished.

Vanquished Creatures (others)
  2 plants (D:3)
2 creatures vanquished.

Grand Total: 181 creatures vanquished

Notes
Turn   | Place    | Note
-------+----------+-------------------------------------------
     0 | D:1      | oldmanjim the Djinni Earth Elementalist began the quest for
                  | the Orb.
     0 | D:1      | oldmanjim set off with the following spells memorised:
                  | Sandblast, Passwall, Stone Arrow, Petrify.
     0 | D:1      | Reached XP level 1. HP: 15/15 MP: 0/0
   140 | D:1      | Reached XP level 2. HP: 12/21 MP: 0/0
   533 | D:1      | Reached XP level 3. HP: 22/25 MP: 0/0
   533 | D:1      | Learned a level 1 spell: Magic Dart
   761 | D:2      | Reached skill level 3 in Spellcasting
  1265 | D:2      | Reached XP level 4. HP: 19/31 MP: 0/0
  1817 | D:3      | Found a faded altar of an unknown god.
  2057 | D:3      | Found a glowing drain.
  2152 | Sewer    | Entered a sewer
  2322 | Sewer    | Reached XP level 5. HP: 31/35 MP: 0/0
  2322 | Sewer    | Learned a level 2 spell: Blink
  2388 | Sewer    | Reached skill level 4 in Spellcasting
  2474 | Sewer    | Noticed a kobold brigand
  2482 | Sewer    | Killed a kobold brigand
  2591 | Sewer    | Noticed a kobold brigand
  2603 | Sewer    | Killed a kobold brigand
  2604 | Sewer    | Reached XP level 6. HP: 25/40 MP: 0/0
  2700 | Sewer    | Reached skill level 5 in Spellcasting
  2807 | Sewer    | Reached skill level 1 in Fighting
  2807 | Sewer    | Reached XP level 7. HP: 39/47 MP: 0/0
  2807 | Sewer    | Learned a level 2 spell: Call Imp
  3573 | D:4      | Noticed Menkaure
  3579 | D:4      | Killed Menkaure
  3668 | D:4      | Noticed Ijyb
  3674 | D:4      | Killed Ijyb
  3779 | D:4      | Noticed Robin
  3788 | D:4      | Killed Robin
  3877 | D:4      | Noticed Duvessa
  3884 | D:4      | Noticed Dowan
  3886 | D:4      | HP: 2/49 [Duvessa/+1 short sword of venom (4)]
  3888 | D:4      | Killed Duvessa
  3889 | D:4      | Reached XP level 8. HP: 4/56 MP: 0/0
  4351 | D:4      | Found Ufo Jiurr's Armour Emporium.
  4600 | D:4      | Reached skill level 6 in Spellcasting
  4615 | D:4      | Killed Dowan
  4779 | D:4      | Noticed Pikel
  4784 | D:4      | Killed Pikel
  4785 | D:4      | Reached skill level 5 in Dodging
  4882 | D:5      | Entered Level 5 of the Dungeon
  4882 | D:5      | Found a large runed translucent door.
  4882 | D:5      | Found a large runed translucent door.
  4957 | D:5      | Reached XP level 9. HP: 56/62 MP: 0/0
  4957 | D:5      | Learned a level 4 spell: Flame Wave
  5154 | D:5      | Noticed drugrobin's ghost (weakling DgDe)
  5248 | D:5      | Found a sacrificial altar of Ru.
  5340 | D:5      | Found an iron altar of Okawaru.
  5442 | D:6      | Reached skill level 7 in Spellcasting
  5442 | D:6      | Upgraded the game from 0.30-a0-568-g124715a40b to
                  | 0.30-a0-571-gdf30a72648
  5782 | D:6      | Identified the +2 dagger "Spiderbane" {chaos, Fragile
                  | Dex+4}
  5928 | D:6      | Noticed Sigmund
  5935 | D:6      | Killed Sigmund
  6112 | D:6      | Found a staircase to the Ecumenical Temple.
  6120 | Temple   | Entered the Ecumenical Temple
  6415 | D:6      | Reached skill level 5 in Fighting
  7085 | D:7      | Reached XP level 10. HP: 59/70 MP: 0/0
  7225 | D:7      | Reached skill level 8 in Spellcasting
  7652 | D:7      | Identified the +1 robe of the Tundras {Drain +Blink Will+}
  7825 | D:7      | You are sucked into a shaft and drop 2 floors!
  7841 | D:9      | Noticed Amaemon
  7857 | D:9      | Noticed an orange demon
  7862 | D:9      | Killed Amaemon
  7869 | D:9      | HP: 2/73 [orange demon[Amaemon] (9)]
  7880 | D:9      | Killed an orange demon
  7883 | D:9      | HP: 3/73 [gnoll/+0 flail[a gnoll sergeant] (4)]
  7884 | D:9      | Slain by a gnoll

Illustrated notes

Levels and vault maps discovered:
D:1:      tekkud_arrival_beachfront_property, layout_basic
D:2:      layout_loops_ring, chequers_mini_garden, minmay_hexomino_u4
D:3:      layout_loops_corners, portal_sewer_entry_a,
          shapermc_ecumenical_altar_flowoftime, kennysheep_generic_room_7
D:4:      layout_loops_ring, serial_shops, shop, uniq_robin, uniq_ijyb,
          uniq_menkaure, uniq_pikel, uniq_duvessa
D:5:      layout_rooms, okawaru_metal_pillars_3,
          mainiacjoe_overflow_small_starburst, ebering_ghost_disaster_area
D:6:      layout_basic, minmay_temple_entry_tees, small_statue_intersection,
          uniq_sigmund
D:7:      layout_gridville, corexii_checkpoint_a, grunt_decor_mini_mirrors
D:9:      layout_stronghold, uniq_amaemon
Temple:   nicolae_temple_two_arcs

Skill      XL: |  1  2  3  4  5  6  7  8  9 10 |
---------------+-------------------------------+-----
Dodging        | 3 4 5 6 7 |  7.7
Spellcasting   | 3 4 5 6 7 8 |  8.3
Fighting       | 1 3 4 5 6 |  6.6
Armour         | 3 4 |  4.9
Stealth        | |  1.5

Action                   |  1- 3 |  4- 6 |  7- 9 | 10-12 || total
-------------------------+-------+-------+-------+-------++-------
Melee: Dagger            |       |    12 |       |     8 ||    20
       Punch             |       |       |       |     1 ||     1
 Cast: Sandblast         |    45 |    42 |    52 |     1 ||   140
       Magic Dart        |       |    54 |    73 |    32 ||   159
       Stone Arrow       |       |     3 |    72 |    38 ||   113
       Petrify           |       |       |    23 |     9 ||    32
       Blink             |       |       |     2 |       ||     2
  Use: Scroll            |       |     6 |       |     1 ||     7
       Potion            |       |       |     1 |       ||     1
 Stab: Petrified         |       |       |       |     5 ||     5
Armor: Robe              |     2 |     3 |     1 |       ||     6
       Leather armour    |       |       |     1 |     2 ||     3
Dodge: Dodged            |     8 |    24 |     9 |     8 ||    49
Block: Other             |       |       |     2 |     4 ||     6
       Reflection        |       |       |       |     1 ||     1

Table legend: (Time is in decaauts)
 A = Elapsed time spent in this place.
 B = Non-inter-level travel time spent in this place.
 C = Inter-level travel time spent in this place.
 D = Time resting spent in this place.
 E = Time spent auto-exploring this place.
 F = Levels seen in this place.
 G = Mean time per level.
                   A        B        C        D        E       F      G
               +--------+--------+--------+--------+--------+-----+--------+
         Total |   7948 |   7815 |    133 |    615 |   5492 |  10 |  794.8 |
       Dungeon |   6976 |   6857 |    119 |    615 |   4697 |   8 |  872.0 |
        Temple |    107 |     93 |     14 |      0 |     88 |   1 |  107.0 |
         Sewer |    864 |    864 |      0 |      0 |    707 |   1 |  864.0 |
               +--------+--------+--------+--------+--------+-----+--------+

Top non-repeatable levels by time:
     D:6: 1522 daAuts
     D:3: 1401 daAuts
     D:4: 1075 daAuts
   Sewer: 864 daAuts
     D:2: 845 daAuts
     D:7: 781 daAuts
     D:1: 750 daAuts
     D:5: 542 daAuts
  Temple: 107 daAuts
     D:9: 58 daAuts
